 Dungeon Crawl Stone Soup version 0.18.1-50-g88ac8fd (webtiles) character file.

288 Peloso the Shield-Bearer (level 6, 0/56 HPs)
             Began as a Minotaur Fighter on Sept 17, 2016.
             Slain by a giant frog skeleton (5 damage)
             ... on level 4 of the Dungeon.
             The game lasted 00:07:48 (2452 turns).

Peloso the Shield-Bearer (Minotaur Fighter)         Turns: 2452, Time: 00:07:49

Health: 0/56       AC:  7    Str: 20    XL:     6   Next: 9%
Magic:  5/5        EV:  8    Int:  5    God:
Gold:   239        SH: 10    Dex: 12    Spells: 0 memorised, 5 levels left

rFire  . . .     SeeInvis .     a - +0 long sword
rCold  . . .     Gourm    .     b - +0 scale mail
rNeg   . . .     Faith    .     c - +0 shield
rPois  .         Spirit   .     (helmet restricted)
rElec  .         Dismiss  .     (no cloak)
rCorr  .         Reflect  .     (no gloves)
SustAt +         Harm     .     (no boots)
MR     .....                    (no amulet)
Stlth  ..........               (no ring)
                                w - ring of sustain attributes

@: not resistant to hostile enchantments, extremely unstealthy
A: retaliatory headbutt, horns 2
a: no special abilities


You were on level 4 of the Dungeon.
You were not hungry.

You visited 1 branch of the dungeon, and saw 4 of its levels.

You collected 239 gold pieces.

Inventory:

Hand Weapons
 a - a +0 long sword (weapon)
 s - a +4 dagger
Armour
 b - a +0 scale mail (worn)
 c - a +0 shield (worn)
Jewellery
 e - an uncursed amulet of guardian spirit {unknown}
 r - a cursed -3 ring of protection {unknown}
 w - a ring of sustain attributes (left hand)
 B - an uncursed ring of poison resistance {unknown}
Wands
 y - a wand of random effects (34/48)
 C - a wand of iceblast (9/15)
Scrolls
 g - a scroll of magic mapping {unknown}
 j - 4 scrolls of fear {unknown}
 l - a scroll of fog {unknown}
 m - 2 scrolls of teleportation {unknown}
 n - 3 scrolls of identify {unknown}
 p - a scroll of amnesia {unknown}
 t - a scroll of remove curse {unknown}
 v - a scroll of noise {unknown}
 x - a scroll of recharging {unknown}
 A - a scroll of enchant armour {unknown}
Potions
 d - 2 potions of might
 h - a potion of resistance {unknown}
 i - a potion of cancellation {unknown}
 k - a potion of curing
 u - a potion of flight {unknown}
 z - a potion of berserk rage {unknown}
Comestibles
 f - 4 bread rations
 o - a fruit
 q - 2 meat rations
 D - 9 chunks of flesh


   Skills:
 + Level 5.0 Fighting
 + Level 3.9 Long Blades
 + Level 4.7 Armour
 + Level 2.1 Dodging
 + Level 5.3 Shields


You had 5 spell levels left.
You didn't know any spells.

Dungeon Overview and Level Annotations

Branches:
Dungeon (4/15)
 Temple: D:4-7

Altars:


Innate Abilities, Weirdness & Mutations

You reflexively headbutt those who attack you in melee.
You have a pair of horns on your head.


Message History

An adder and a skeleton come into view.
You closely miss the orc wizard.
The orc wizard is severely wounded.
The orc wizard hits you with a dagger.
* * * LOW HITPOINT WARNING * * *
The adder moves out of view.
The giant frog skeleton hits you.
* * * LOW HITPOINT WARNING * * *
You block the orc's attack. The orc misses you.
Drink which item? (? for menu, Esc to quit)
It was a potion of curing.
You feel better. You block the orc wizard's attack.
The giant frog skeleton hits you.
* * * LOW HITPOINT WARNING * * *
The orc wizard casts a spell at you. The magic dart hits you!
* * * LOW HITPOINT WARNING * * *
You block the orc's attack. The orc hits you but does no damage.
Your shield and scale mail prevent you from hitting the orc wizard.
The orc wizard is severely wounded.
The giant frog skeleton hits you.
You die...

#.#....######## #)#
#.#....# #.# #.#....#
###.###### #...)..#####
#.##(.>...#
####[....>.##...######.#
## #..(....#.....# #.#
#. #.#####...$....
#.###. ......So.o......
#.[...
........##@o......
#####. #.##.## #Z#.....#
#. .. .o....... ##
.......... .###.......
.. .<..... .. ....... ..
......


You could see an orc priest, an orc wizard, an adder, 2 orcs and a giant frog
skeleton.

Vanquished Creatures
  The ghost of Flanowski the Shield-Bearer, an amateur GrFi (D:3)
  Crazy Yiuf (D:3)
  2 worker ants (D:4)
  6 adders
  An ooze (D:1)
  3 worms
  A giant gecko (D:3)
  9 orcs (D:4)
  2 bats
  10 giant cockroaches
  7 goblins
  7 hobgoblins
  A ball python (D:2)
  2 giant newts (D:1)
  3 kobolds
  A quokka skeleton (D:4)
  4 rats
  A plant (D:1)
62 creatures vanquished.

Notes
Turn   | Place    | Note
--------------------------------------------------------------
     0 | D:1      | Peloso the Minotaur Fighter began the quest for the Orb.
     0 | D:1      | Reached XP level 1. HP: 19/19 MP: 0/0
   145 | D:1      | Reached XP level 2. HP: 27/27 MP: 1/1
   352 | D:1      | Reached XP level 3. HP: 33/33 MP: 2/2
   923 | D:2      | Reached XP level 4. HP: 26/41 MP: 3/3
  1447 | D:3      | Noticed Flanowski's ghost (amateur GrFi)
  1688 | D:3      | Killed Flanowski's ghost
  1688 | D:3      | Reached skill level 1 in Dodging
  1688 | D:3      | Reached skill level 5 in Shields
  1688 | D:3      | Reached XP level 5. HP: 46/47 MP: 4/4
  1776 | D:3      | Noticed Crazy Yiuf
  1785 | D:3      | Killed Crazy Yiuf
  2248 | D:4      | Reached skill level 5 in Fighting
  2248 | D:4      | Reached XP level 6. HP: 12/56 MP: 5/5
  2450 | D:4      | HP: 2/56 [giant frog skeleton (2)]
  2452 | D:4      | Slain by a giant frog skeleton

Skill      XL: |  1  2  3  4  5 |
---------------+----------------+-----
Shields        | 4 5 |  5.3
Fighting       | 4 5 |  5.0
Armour         | 4 |  4.7
Long Blades    | 3 |  3.9
Dodging        | 1 2 |  2.1

Action                   |  1- 3 |  4- 6 || total
-------------------------+-------+-------++-------
Melee: Long sword        |    88 |    95 ||   183
       Headbutt          |    18 |    15 ||    33
  Use: Potion            |       |     2 ||     2
  Eat: Chunk             |       |     5 ||     5
Armor: Scale mail        |    36 |    21 ||    57
Dodge: Dodged            |    14 |    33 ||    47
Block: Shield            |    26 |    54 ||    80
